TOP OF THE 1ST |
San Francisco Bandits batting - Pitching for Beech Mountain Mountaineers : RHP José Rojas
|
Pitching: RHP José Rojas
|
|
Batting: RHB Javier Ramírez
|
0-0: Ball 1-0: Ball 2-0: Ball 3-0: Base on Balls
|
Batting: LHB Mario García
|
0-0: Called Strike 0-1: Ball 1-1: Ball Wild Pitch! Javier Ramírez to second 2-1: Ball 3-1: Fly out, F7 (Flyball, 7S)
|
Batting: RHB Owen Carter
|
0-0: Ball 1-0: Called Strike 1-1: Ball 2-1: Called Strike 2-2: Strikes out swinging
|
Batting: RHB Juan Mendoza
|
0-0: Called Strike 0-1: Foul Ball, location: 2F 0-2: Ball 1-2: 2-RUN HOME RUN (Flyball, 78XD), Distance : 422 ft
|
Batting: LHB Anacleto Morillo
|
0-0: Called Strike 0-1: Called Strike 0-2: Foul Ball, location: 2F 0-2: SINGLE (Line Drive, 56D)
|
Batting: RHB Scott Merritt
|
0-0: Called Strike 0-1: Ball 1-1: Ball 2-1: Foul Ball, location: 2F 2-2: Strikes out swinging
|
Top of the 1st over - 2 run(s), 2 hit(s), 0 error(s), 1 left on base; San Francisco 2 - Beech Mountain 0 |
BOTTOM OF THE 1ST |
Beech Mountain Mountaineers batting - Pitching for San Francisco Bandits : RHP Mabuchi Yoshida
|
Pitching: RHP Mabuchi Yoshida
|
|
Batting: SHB Félix Montoya
|
0-0: Fly out, F6 (Line Drive, 6)
|
Batting: SHB Miguel González
|
0-0: Foul Ball, location: 2F 0-1: Foul Ball, location: 2F 0-2: Ball 1-2: Ground out 6-3 (Groundball, 6S)
|
Batting: LHB Robert Phillips
|
0-0: Foul Ball, location: 2F 0-1: Ball 1-1: Swinging Strike 1-2: SINGLE (Line Drive, 3D)
|
Batting: SHB Juan Castro
|
0-0: Called Strike 0-1: Ball 1-1: SINGLE (Line Drive, 9LM) Robert Phillips to second
|
Batting: SHB Rick Turner
|
0-0: Foul Ball, location: 2F 0-1: SINGLE (Groundball, 6MD) Robert Phillips to third Juan Castro to second Runner from 3rd tries for Home, SAFE, no throw
|
Batting: SHB Tony López
|
0-0: Foul Ball, location: 2F 0-1: Called Strike 0-2: Fly out, F3 (Popup, 3)
|
Bottom of the 1st over - 1 run(s), 3 hit(s), 0 error(s), 2 left on base; San Francisco 2 - Beech Mountain 1 |
TOP OF THE 2ND |
San Francisco Bandits batting - Pitching for Beech Mountain Mountaineers : RHP José Rojas
|
Batting: RHB Ramón Ruíz
|
0-0: Ball 1-0: Called Strike 1-1: Called Strike 1-2: Ball 2-2: Strikes out looking
|
Batting: LHB Alberto Gómez
|
0-0: Foul Ball, location: 2F 0-1: Ball 1-1: Foul Ball, location: 2F 1-2: Foul Ball, location: 2F 1-2: Foul Ball, location: 2F 1-2: Ball 2-2: Strikes out swinging
|
Batting: RHB Glenn Melican
|
0-0: SINGLE (Line Drive, 78S)
|
Batting: RHB Javier Ramírez
|
0-0: Fielders Choice at 2nd, 4-6 (Groundball, 34)
|
Top of the 2nd over - 0 run(s), 1 hit(s), 0 error(s), 0 left on base; San Francisco 2 - Beech Mountain 1 |
BOTTOM OF THE 2ND |
Beech Mountain Mountaineers batting - Pitching for San Francisco Bandits : RHP Mabuchi Yoshida
|
Batting: RHB John Anderson
|
0-0: Foul Ball, location: 2F 0-1: Ball 1-1: Foul Ball, location: 2F 1-2: Ball 2-2: Foul Ball, location: 2F 2-2: Foul Ball, location: 2F 2-2: Ball 3-2: Foul Ball, location: 2F 3-2: SINGLE (Line Drive, 9S)
|
Batting: LHB Pedro Gonzáles
|
0-0: Called Strike 0-1: Foul Ball, location: 2F 0-2: Fly out, F3 (Line Drive, 3)
|
Batting: LHB Jeff Doss
|
Pickoff Throw to First - Out! 0-0: Called Strike 0-1: Ball 1-1: Fly out, F8 (Flyball, 8LD)
|
Bottom of the 2nd over - 0 run(s), 1 hit(s), 0 error(s), 0 left on base; San Francisco 2 - Beech Mountain 1 |
TOP OF THE 3RD |
San Francisco Bandits batting - Pitching for Beech Mountain Mountaineers : RHP José Rojas
|
Batting: LHB Mario García
|
0-0: Called Strike 0-1: Called Strike 0-2: Strikes out swinging
|
Batting: RHB Owen Carter
|
0-0: Foul Ball, location: 2F 0-1: Foul Ball, location: 2F 0-2: Ball 1-2: Fly out, F8 (Flyball, 89D)
|
Batting: RHB Juan Mendoza
|
0-0: Ball 1-0: Called Strike 1-1: Called Strike 1-2: Ball 2-2: Ball 3-2: Strikes out looking
|
Top of the 3rd over - 0 run(s), 0 hit(s), 0 error(s), 0 left on base; San Francisco 2 - Beech Mountain 1 |
BOTTOM OF THE 3RD |
Beech Mountain Mountaineers batting - Pitching for San Francisco Bandits : RHP Mabuchi Yoshida
|
Batting: SHB Félix Montoya
|
0-0: Ball 1-0: Ball 2-0: Ball 3-0: Base on Balls
|
Batting: SHB Miguel González
|
0-0: Ball 1-0: Ball 2-0: Ball 3-0: Called Strike 3-1: Foul Ball, location: 2F 3-2: Fly out, F8 (Flyball, 8LS)
|
Batting: LHB Robert Phillips
|
0-0: Ground out 4-3 (Groundball, 34) Félix Montoya to second
|
Batting: SHB Juan Castro
|
0-0: Ball 1-0: Foul Ball, location: 2F 1-1: Called Strike 1-2: Ball 2-2: Ground out 4-3 (Groundball, 4)
|
Bottom of the 3rd over - 0 run(s), 0 hit(s), 0 error(s), 1 left on base; San Francisco 2 - Beech Mountain 1 |
TOP OF THE 4TH |
San Francisco Bandits batting - Pitching for Beech Mountain Mountaineers : RHP José Rojas
|
Batting: LHB Anacleto Morillo
|
0-0: Foul Ball, location: 2F 0-1: Ball 1-1: Foul Ball, location: 2F 1-2: Ball 2-2: Ball 3-2: Foul Ball, location: 2F 3-2: Base on Balls
|
Batting: RHB Scott Merritt
|
0-0: Called Strike 0-1: Ball 1-1: Ball 2-1: Ground out 6-3 (Groundball, 6MS) Anacleto Morillo to second
|
Batting: RHB Ramón Ruíz
|
0-0: Ball 1-0: Foul Ball, location: 2F 1-1: Fly out, F4 (Line Drive, 4MD)
|
Batting: LHB Alberto Gómez
|
0-0: Called Strike 0-1: Fly out, F9 (Flyball, 9D)
|
Top of the 4th over - 0 run(s), 0 hit(s), 0 error(s), 1 left on base; San Francisco 2 - Beech Mountain 1 |
BOTTOM OF THE 4TH |
Beech Mountain Mountaineers batting - Pitching for San Francisco Bandits : RHP Mabuchi Yoshida
|
Batting: SHB Rick Turner
|
0-0: Ball 1-0: Ball 2-0: Foul Ball, location: 2F 2-1: Foul Ball, location: 2F 2-2: Foul Ball, location: 2F 2-2: Ball 3-2: SINGLE (Line Drive, 4D)
|
Batting: SHB Tony López
|
0-0: Ball 1-0: SINGLE (Groundball, 56S) (infield hit) Rick Turner to second
|
Batting: RHB John Anderson
|
0-0: Called Strike 0-1: Swinging Strike 0-2: Strikes out swinging
|
Batting: LHB Pedro Gonzáles
|
0-0: Foul Ball, location: 2F 0-1: Ball 1-1: Called Strike 1-2: Grounds into double play, 4-6-3 (Groundball, 4)
|
Bottom of the 4th over - 0 run(s), 2 hit(s), 0 error(s), 1 left on base; San Francisco 2 - Beech Mountain 1 |
TOP OF THE 5TH |
San Francisco Bandits batting - Pitching for Beech Mountain Mountaineers : RHP José Rojas
|
Batting: RHB Glenn Melican
|
0-0: Foul Ball, location: 2F 0-1: Ball 1-1: Foul Ball, location: 2F 1-2: Ground out 6-3 (Groundball, 56)
|
Batting: RHB Javier Ramírez
|
0-0: Foul Ball, location: 2F 0-1: Ball 1-1: Foul Ball, location: 2F 1-2: Fly out, F5 (Popup, 5D)
|
Batting: LHB Mario García
|
0-0: Ball 1-0: Ball 2-0: Called Strike 2-1: Foul Ball, location: 2F 2-2: Fly out, F7 (Flyball, 7)
|
Top of the 5th over - 0 run(s), 0 hit(s), 0 error(s), 0 left on base; San Francisco 2 - Beech Mountain 1 |
BOTTOM OF THE 5TH |
Beech Mountain Mountaineers batting - Pitching for San Francisco Bandits : RHP Mabuchi Yoshida
|
Batting: LHB Jeff Doss
|
0-0: Called Strike 0-1: Ball 1-1: Ball 2-1: Ball 3-1: Fly out, F8 (Flyball, 8LXD)
|
Batting: SHB Félix Montoya
|
0-0: Ball 1-0: SINGLE (Groundball, 34D)
|
Batting: SHB Miguel González
|
0-0: Ball 1-0: Called Strike 1-1: Foul Ball, location: 2F 1-2: Foul Ball, location: 2F 1-2: Ball 2-2: Fly out, F8 (Flyball, 8RM)
|
Batting: LHB Robert Phillips
|
0-0: Called Strike Félix Montoya steals 2nd base 0-1: Ball 1-1: SINGLE (Groundball, 4MD) Félix Montoya to third Runner from 3rd tries for Home, SAFE, no throw
|
Batting: SHB Juan Castro
|
0-0: Ball 1-0: Ball 2-0: Foul Ball, location: 2F 2-1: Ball 3-1: Base on Balls Robert Phillips to second
|
Batting: SHB Rick Turner
|
0-0: Called Strike 0-1: Ball 1-1: SINGLE (Flyball, 8LS) Robert Phillips to third Juan Castro to second Runner from 3rd tries for Home, SAFE, no throw
|
Batting: SHB Tony López
|
0-0: Fly out, F7 (Flyball, 7S)
|
Bottom of the 5th over - 2 run(s), 3 hit(s), 0 error(s), 2 left on base; San Francisco 2 - Beech Mountain 3 |
TOP OF THE 6TH |
San Francisco Bandits batting - Pitching for Beech Mountain Mountaineers : RHP José Rojas
|
Batting: RHB Owen Carter
|
0-0: Ball 1-0: Fly out, F8 (Flyball, 8RM)
|
Batting: RHB Juan Mendoza
|
0-0: Ball 1-0: Foul Ball, location: 2F 1-1: Foul Ball, location: 2F 1-2: Ball 2-2: Strikes out looking
|
Batting: LHB Anacleto Morillo
|
0-0: Ball 1-0: Ball 2-0: Ball 3-0: Called Strike 3-1: Foul Ball, location: 2F 3-2: Strikes out swinging
|
Top of the 6th over - 0 run(s), 0 hit(s), 0 error(s), 0 left on base; San Francisco 2 - Beech Mountain 3 |
BOTTOM OF THE 6TH |
Beech Mountain Mountaineers batting - Pitching for San Francisco Bandits : RHP Mabuchi Yoshida
|
Batting: RHB John Anderson
|
0-0: Called Strike 0-1: Foul Ball, location: 2F 0-2: Ball 1-2: Ball 2-2: Fly out, F9 (Flyball, 89S)
|
Batting: LHB Pedro Gonzáles
|
0-0: Called Strike 0-1: Called Strike 0-2: Ground out 4-3 (Groundball, 4)
|
Batting: LHB Jeff Doss
|
0-0: Fly out, F2 (Popup, 3S)
|
Bottom of the 6th over - 0 run(s), 0 hit(s), 0 error(s), 0 left on base; San Francisco 2 - Beech Mountain 3 |
TOP OF THE 7TH |
San Francisco Bandits batting - Pitching for Beech Mountain Mountaineers : RHP José Rojas
|
Pitching: RHP Matthew Scott
|
|
Batting: RHB Scott Merritt
|
0-0: Called Strike 0-1: SINGLE (Line Drive, 4D)
|
Batting: RHB Ramón Ruíz
|
0-0: Ball 1-0: Ball 2-0: Sac Bunt - play at first, batter OUT! 1-4 Scott Merritt to second
|
Pinch Hitting: LHB Francisco Calderón
|
0-0: Ball 1-0: Called Strike 1-1: Called Strike 1-2: Strikes out swinging
|
Pinch Hitting: RHB Cory Foster
|
0-0: Foul Ball, location: 2F 0-1: Ball 1-1: Swinging Strike 1-2: Foul Ball, location: 2F 1-2: Strikes out swinging
|
Top of the 7th over - 0 run(s), 1 hit(s), 0 error(s), 1 left on base; San Francisco 2 - Beech Mountain 3 |
BOTTOM OF THE 7TH |
Beech Mountain Mountaineers batting - Pitching for San Francisco Bandits : RHP Mabuchi Yoshida
|
Now at 1B: Francisco Calderón
|
|
Now at 2B: Raúl Bruno
|
|
Batting: SHB Félix Montoya
|
0-0: Ball 1-0: DOUBLE (Line Drive, 9)
|
Batting: SHB Miguel González
|
0-0: Ball 1-0: Ball 2-0: Foul Ball, location: 2F 2-1: Called Strike 2-2: Foul Ball, location: 2F 2-2: Foul Ball, location: 2F 2-2: Foul Ball, location: 2F 2-2: DOUBLE (Flyball, 8LXD) Félix Montoya scores
|
Batting: LHB Robert Phillips
|
0-0: Foul Ball, location: 2F 0-1: Ball 1-1: Foul Ball, location: 2F 1-2: Foul Ball, location: 2F 1-2: Ball 2-2: Foul Ball, location: 2F 2-2: Ground out 4-3 (Groundball, 34) Miguel González to third
|
Pitching: RHP Carlos Ledezma
|
|
Batting: SHB Juan Castro
|
0-0: DOUBLE (Line Drive, 78D) Miguel González scores
|
Batting: SHB Rick Turner
|
0-0: Ball 1-0: Ball 2-0: Ball 3-0: Called Strike 3-1: Base on Balls
|
Batting: SHB Tony López
|
0-0: Called Strike 0-1: Fielders Choice at 2nd, 3-6 (Groundball, 34) Juan Castro to third
|
Batting: RHB John Anderson
|
0-0: Ball 1-0: Ball 2-0: Called Strike Pickoff Throw to First - Error! E1 Juan Castro scores Tony López to second 2-1: Ground out 3-1 (Groundball, 34S)
|
Bottom of the 7th over - 3 run(s), 3 hit(s), 1 error(s), 1 left on base; San Francisco 2 - Beech Mountain 6 |
TOP OF THE 8TH |
San Francisco Bandits batting - Pitching for Beech Mountain Mountaineers : RHP Matthew Scott
|
Batting: RHB Javier Ramírez
|
0-0: Ball 1-0: Foul Ball, location: 2F 1-1: SINGLE (Groundball, 4MD)
|
Batting: LHB Mario García
|
0-0: Called Strike 0-1: Swinging Strike 0-2: Ball 1-2: SINGLE (Groundball, 56D) Javier Ramírez to second
|
Batting: RHB Owen Carter
|
0-0: Ball 1-0: Fielders Choice at 2nd, 3-6 (Groundball, 34) Javier Ramírez to third
|
Batting: RHB Juan Mendoza
|
0-0: Called Strike 0-1: Swinging Strike 0-2: Ball 1-2: Ball 2-2: Fly out, F7 (Flyball, 7) Runner from 3rd tags up, SCORES, no throw
|
Pitching: RHP Steve Griffin
|
|
Batting: LHB Anacleto Morillo
|
0-0: Ball 1-0: Foul Ball, location: 2F 1-1: Swinging Strike 1-2: Fly out, F8 (Flyball, 78M)
|
Top of the 8th over - 1 run(s), 2 hit(s), 0 error(s), 1 left on base; San Francisco 3 - Beech Mountain 6 |
BOTTOM OF THE 8TH |
Beech Mountain Mountaineers batting - Pitching for San Francisco Bandits : RHP Carlos Ledezma
|
Batting: LHB Pedro Gonzáles
|
0-0: Fly out, F7 (Flyball, 7)
|
Batting: LHB Jeff Doss
|
0-0: Ground out 5-3 (Groundball, 56S)
|
Batting: SHB Félix Montoya
|
0-0: Ball 1-0: Ball 2-0: Ball 3-0: Called Strike 3-1: Base on Balls
|
Batting: SHB Miguel González
|
0-0: Called Strike 0-1: SINGLE (Line Drive, 6MD) Félix Montoya to second
|
Batting: LHB Robert Phillips
|
0-0: Called Strike 0-1: Swinging Strike 0-2: Ball 1-2: Ball 2-2: SINGLE (Groundball, 4D) Félix Montoya to third Miguel González to second Runner from 3rd tries for Home, SAFE, no throw
|
Batting: SHB Juan Castro
|
0-0: SINGLE (Groundball, 56D) Miguel González to third Robert Phillips to second Runner from 3rd tries for Home, SAFE, no throw
|
Pitching: RHP Alfonso Martínez
|
|
Batting: SHB Rick Turner
|
0-0: Fielders Choice at 2nd, 6-4 (Groundball, 6)
|
Bottom of the 8th over - 2 run(s), 3 hit(s), 0 error(s), 1 left on base; San Francisco 3 - Beech Mountain 8 |
TOP OF THE 9TH |
San Francisco Bandits batting - Pitching for Beech Mountain Mountaineers : RHP Steve Griffin
|
Pitching: RHP António Ramos
|
|
Batting: RHB Scott Merritt
|
0-0: Swinging Strike 0-1: Fly out, F9 (Line Drive, 9D)
|
Batting: RHB Ramón Ruíz
|
0-0: Ball 1-0: Ball 2-0: Foul Ball, location: 2F 2-1: Foul Ball, location: 2F 2-2: Ball 3-2: Base on Balls
|
Batting: LHB Francisco Calderón
|
0-0: Ball 1-0: Ball 2-0: Called Strike 2-1: Foul Ball, location: 2F 2-2: Strikes out looking
|
Batting: RHB Raúl Bruno
|
0-0: Foul Ball, location: 2F 0-1: Called Strike 0-2: Strikes out swinging, 2-3 out at first.
|
Top of the 9th over - 0 run(s), 0 hit(s), 0 error(s), 1 left on base; San Francisco 3 - Beech Mountain 8 |
|